AoeStats
← Nexblux

Socotra

506084429Analyzed
2v2 RM · 21d ago on Sep 12, 2026· 27m 51s· 4 players
Game mode
Random Map
Map size
Tiny (2 player)
Population
200
Speed
Normal
Resources
Standard
Victory
Conquest
Starting age
Dark Age
Ending age
Imperial Age
RankedLock teamsTeams togetherTeam positionsShared explorationLock speedFull tech treeHidden civsTurbo modeCheats
Victory
Defeat
🇲🇽 Saracens · Mexico
1203
+10
🇦🇷 Cumans · Argentina
970
+18
🇩🇪 Mongols · Germany
1099
-16
🇺🇸 Burgundians · United States
997
-35
FlashKiller
5:59 Loom
8:51 Feudal Age
20:11 Bloodlines
25:34 Castle Age
24:11 Horse Collar
24:58 Fletching
27:07 Wheelbarrow
Nexblux
11:45 Feudal Age
10:03 Loom
11:48 Feudal Age
12:40 Double-Bit Axe
13:34 Horse Collar
20:22 Wheelbarrow
23:16 Castle Age
21:40 Gold Mining
22:54 Stone Mining
27:18 Scale Mail Armor
Benjizun
14:03 Feudal Age
14:04 Wheelbarrow
15:07 Double-Bit Axe
15:10 Horse Collar
Schlueter
9:46 Feudal Age
10:16 Loom
11:15 Wheelbarrow
10:27 Double-Bit Axe
10:24 Horse Collar
21:16 Fletching
21:37 Forging
27:59 Castle Age
Connection lost

Rejoining the realm…

Still unreachable

The connection could not be restored.

Session expired

The server has moved on; the page needs a fresh start.